 Dungeon Crawl Stone Soup version 0.24-a0-244-ga6a6ab7 (webtiles) character file.

Game seed: 8120024290638248229

102 Ijustatesigmund the Chopper (level 4, -4/33 HPs)
             Began as an Octopode Fighter on Apr 10, 2019.
             Killed from afar by Sigmund (9 damage)
             ... with a magic dart
             ... on level 2 of the Dungeon.
             The game lasted 00:02:39 (1090 turns).

Ijustatesigmund the Chopper (Octopode Fighter)      Turns: 1090, Time: 00:02:40

Health: -4/33      AC:  1    Str: 20    XL:     4   Next: 77%
Magic:  4/4        EV: 11    Int: 10    God:
Gold:   66         SH:  9    Dex: 12    Spells: 3/3 levels left

rFire    . . .     SeeInvis .   a - +0 war axe
rCold    . . .     Gourm    .   b - +0 shield
rNeg     . . .     Faith    .   (helmet restricted)
rPois    .         Spirit   .   (no amulet)
rElec    .         Reflect  .   (no ring)
rCorr    .         Harm     .   (no ring)
MR       .....                  (no ring)
Stlth    ++........             (no ring)
HPRegen  0.11/turn              (no ring)
MPRegen  0.09/turn              (no ring)
                                (no ring)
                                (no ring)

@: mighty
A: almost no armour, stealthy swim, amphibious, 8 rings, constrict 8, camouflage
1, gelatinous body 1
a: no special abilities


You were on level 2 of the Dungeon.
You were hungry.

You visited 1 branch of the dungeon, and saw 2 of its levels.

You collected 66 gold pieces.

Inventory:

Hand Weapons
 a - a +0 war axe (weapon)
Armour
 b - a +0 shield (worn)
Scrolls
 e - 2 scrolls of remove curse
 f - a scroll of fear {unknown}
 g - a scroll of immolation {unknown}
 h - 2 scrolls of identify {unknown}
Comestibles
 d - a ration


   Skills:
 + Level 3.9 Fighting
 * Level 4.1 Axes
 - Level 3.0 Dodging
 - Level 3.0 Shields


You had 3 spell levels left.
You didn't know any spells.
Your spell library was empty.

Dungeon Overview and Level Annotations

Branches:
Dungeon (2/15)

Altars:

Annotations:
D:2 Sigmund


Innate Abilities, Weirdness & Mutations

You cannot wear most types of armour.
You are very stealthy in the water. (Stealth+)
You are amphibious.
You can wear up to eight rings at the same time.
You can use your tentacles to constrict eight enemies at once.
Your skin changes colour to match your surroundings (Stealth+).
Your rubbery body absorbs attacks. (AC +1, EV +1)


Message History

The quokka is moderately wounded.
You hit the bat.
You kill the bat!
The quokka bites you. x2
* * * LOW HITPOINT WARNING * * *
You block something's attack.
You feel very mighty all of a sudden. You block the quokka's attack.
You slash the quokka!
You kill the quokka!
Something hits you but does no damage.
You see here a bat corpse.
Something hits you.
* * * LOW HITPOINT WARNING * * *
You see here a bat corpse.
You slash something!
You hear some strange, mumbled words.
A magic dart appears from out of thin air!
The magic dart hits you!
You die...

####...........#.[#
#........###..#.##
#.#.##...# ##!#.#
...#.#..#.........
### #.#.#####....##
####..(# .....
#######.....####.
..###.
......†.##.......#
.......†@..?..#..#
........###.##..##
........# ...#.##
........# .8.# #
........# ...#
........# .##
........# ..#####


There were no monsters in sight!

Vanquished Creatures
  3 adders (D:2)
  2 oozes (D:1)
  2 dart slugs
  2 leopard geckos (D:2)
  8 bats
  4 giant cockroaches
  7 goblins
  7 hobgoblins
  7 jackals (D:1)
  6 kobolds (D:1)
  A quokka (D:2)
  3 rats
52 creatures vanquished.

Notes
Turn   | Place    | Note
-------+----------+-------------------------------------------
     0 | D:1      | Ijustatesigmund the Octopode Fighter began the quest for
                  | the Orb.
     0 | D:1      | Reached XP level 1. HP: 16/16 MP: 1/1
    27 | D:1      | Reached XP level 2. HP: 21/21 MP: 2/2
   244 | D:1      | Reached skill level 3 in Axes
   246 | D:1      | Reached XP level 3. HP: 16/26 MP: 3/3
   935 | D:2      | Reached XP level 4. HP: 28/33 MP: 4/4
  1077 | D:2      | Noticed Sigmund
  1081 | D:2      | Reached skill level 4 in Axes
  1090 | D:2      | Killed from afar by Sigmund

Levels and vault maps discovered:
D:1:      shiori_arrival_maze, layout_loops_ring
D:2:      layout_rooms, elyvilon_altar_1, uniq_natasha, uniq_sigmund

Skill      XL: |  1  2  3  4 |
---------------+-------------+-----
Axes           | 3 4 |  4.1
Fighting       | |  3.9
Dodging        | |  3.0
Shields        | |  3.0

Action                   |  1- 3 |  4- 6 || total
-------------------------+-------+-------++-------
Melee: War axe           |    70 |    22 ||    92
       Constrict         |    20 |     6 ||    26
       Tentacles         |    10 |     1 ||    11
  Use: Scroll            |     1 |       ||     1
       Potion            |       |     1 ||     1
 Stab: Sleeping          |     4 |     1 ||     5
       Distracted        |     2 |       ||     2
Armor: Skin              |    10 |     2 ||    12
Dodge: Dodged            |    31 |    12 ||    43
Block: Shield            |    26 |    15 ||    41

Table legend:
 A = Non-vault XP
 B = Vault XP
 C = Vault XP percentage of total XP
 D = Non-vault monster count
 E = Vault monster count
 F = Vault count percentage of total count
                 A         B        C        D         E       F
            +---------+---------+-------+---------+---------+-------
      Total |     143 |       3 |   2.1 |      50 |       2 |   3.8
            +---------+---------+-------+---------+---------+-------
        D:1 |      70 |       3 |   4.1 |      32 |       2 |   5.9
        D:2 |      73 |       0 |   0.0 |      18 |       0 |   0.0
            +---------+---------+-------+---------+---------+-------
